CorruptionSegfaultFreeze, neutral female scurrid Tourist --------------- ##-..............##########..----- --------------- # |.*.$...^.....|# |.....| ##-.............| # |.............|# |......# # |......(.......@ # ----|----------# #..!...|### |.............|a # ## # -------# ---------------## # ## # ## )# # ### # # # # # #### ####### -----# ----. #---------- |...|####..... #|$....>... |...|# |....#######|......... |...-# |...| #-.....(.. |...| |....#######-------- ----- |...| |...| ----- CorruptionSegfaultFreeze the Rambler Experience level: 1 Strength: 12 Dexterity: 17 Constitution: 14 Intelligence: 12 Wisdom: 8 Charisma: 14 Health: 0(14) Energy: 2(2) Def: 0 Gold: 1205 Moves: 166 Dungeon seed: N3dlqSK9j6TL2vrB Game ID: CorruptionSegfaultFreeze_1498592549 Your Inventory: Coins $ - 1205 gold pieces Weapons a - 50 uncursed +2 darts (in quiver) Armor e - an uncursed +0 Hawaiian shirt (being worn) Comestibles b - an uncursed cram ration c - 4 uncursed food rations d - an uncursed clove of garlic f - 2 uncursed tripe rations g - an uncursed fortune cookie h - 2 uncursed eggs Scrolls j - 4 uncursed scrolls of magic mapping Wands m - an uncursed wand of secret door detection (0:14) Tools k - an uncursed expensive camera (0:87) l - an uncursed credit card n - an uncursed oil lamp (lit) (0:1293) Spells and supernatural/magical abilities: Name Level Category Fail Memory W - pray for help -- divine ? -- Your skills at the end: Miscellaneous Skills wands [Basic] Weapon Skills dart [Basic] Spellcasting Skills Final Attributes: You were devoutly aligned. You had infravision. You were very stealthy. You are dead. Voluntary challenges: You went without food. You did not adorn yourself with jewelry or accessories. You did not cause conflict. You were not invisible. You did not have reflection. You were not displaced. You were an atheist. You never hit with a wielded weapon. You were a pacifist. You did not use containers. You did not apply a unicorn horn. You did not use plumbed fixtures. You were illiterate. You never genocided any monsters. You never polymorphed an object. You never changed form. You used no wishes. You never split a pudding. You never wrote Elbereth's name. You never violated your personal moral code. Dungeon overview: The Dungeons of Doom: levels 1 to 22 Level 1 a long staircase Level 2 Level 3 Level 4 Level 5 Level 6 Level 7 Level 8 Level 9 Level 10 Level 11 Level 12 Level 13 Level 14 Level 15 Level 16 Level 17 Level 18 Level 19 Level 20 Level 21 <- You were here Level 22 many trees History has recorded: On T:1 you entered the Dungeons of Doom to retrieve the Amulet of Yendor! On T:4 you reached level 2 of The Dungeons of Doom. On T:7 you reached level 3 of The Dungeons of Doom. On T:9 you reached level 4 of The Dungeons of Doom. On T:11 you reached level 5 of The Dungeons of Doom. On T:13 you reached level 6 of The Dungeons of Doom. On T:16 you reached level 7 of The Dungeons of Doom. On T:18 you reached level 8 of The Dungeons of Doom. On T:20 you reached level 9 of The Dungeons of Doom. On T:22 you reached level 10 of The Dungeons of Doom. On T:25 you reached level 11 of The Dungeons of Doom. On T:27 you reached level 12 of The Dungeons of Doom. On T:29 you reached level 13 of The Dungeons of Doom. On T:31 you reached level 14 of The Dungeons of Doom. On T:34 you reached level 15 of The Dungeons of Doom. On T:34 you entered the Rogue tribute level. On T:36 you reached level 16 of The Dungeons of Doom. On T:42 you reached level 17 of The Dungeons of Doom. On T:44 you reached level 18 of The Dungeons of Doom. On T:47 you reached level 19 of The Dungeons of Doom. On T:49 you reached level 20 of The Dungeons of Doom. On T:52 you reached level 21 of The Dungeons of Doom. On T:54 you reached level 22 of The Dungeons of Doom. Score breakdown: Gold: 209 ( 20 points) Experience: 1 level ( 0 points) Exploration: 22 levels ( 630 points) Discoveries: 0 items ( 0 points) Variety of kills: 0 monsters ( 0 points) Major goal: (nothing yet) ( 0 points) Survival: died (score multiplied by 3) Total score: 1950 Latest messages: $ - 209 gold pieces. You start chewing a hole in the rock. (2x) You start chewing a hole in the door. The door opens. You hear the footsteps of a guard on patrol. You see here a chest. You start chewing a hole in the rock. You continue chewing on the rock. You continue digging. You break through a secret door! You stop running. The dart misses the killer bee. The dart misses the killer bee. The killer bee stings! The killer bee is blinded by the flash! The killer bee stings! The killer bee's sting was poisoned! You hear the wailing of the Banshee... You die... Final status: Aloha CorruptionSegfaultFreeze the Tourist, killed by a killer bee... You died in The Dungeons of Doom on dungeon level 21 with 1950 points, and 1205 pieces of gold, after 166 moves. You were level 1 with a maximum of 14 hit points when you died.